 Dungeon Crawl Stone Soup version 0.30-a0-374-g95c0257040 (webtiles) character file.

Game seed: 9382082307782760220

23 arthad the Covered (level 2, -7/20 HPs)
             Began as a Gnoll Wanderer on Nov 26, 2022.
             Mangled by Sigmund
             ... wielding a +0 scythe
              (8 damage)
             ... on level 2 of the Dungeon.
             The game lasted 00:01:55 (795 turns).

arthad the Covered (Gnoll Wanderer)                  Turns: 795, Time: 00:01:56

Health: -7/20      AC:  7    Str: 11 (13) XL:     2   Next: 95%
Magic:  3/3        EV:  8    Int:  5 (8)  God:
Gold:   10         SH:  0    Dex: 10 (12) Spells: 2/2 levels left

rFire   . . .      SeeInvis .    c - +0 hand axe
rCold   . . .      Faith    .    (no shield)
rNeg    . . .      Spirit   .    d - +0 scale mail
rPois   .          Reflect  .    (no helmet)
rElec   .          Harm     .    (no cloak)
rCorr   .          Rampage  .    (no gloves)
Will    +....                    (no boots)
Stlth   ..........               (no amulet)
HPRegen 0.23/turn                (no ring)
MPRegen 0.08/turn                (no ring)

@: silenced
A: fangs 1, strong nose, distributed training, strong-willed 1, screaming 1
a: no special abilities


You were on level 2 of the Dungeon.
You visited 1 branch of the dungeon, and saw 2 of its levels.

You collected 10 gold pieces.

Inventory:

Hand Weapons
 a - a +0 vorpal dagger
 c - a +0 hand axe (weapon)
Missiles
 b - 3 curare-tipped darts (quivered)
Armour
 d - a +0 scale mail (worn)
Scrolls
 h - a scroll of silence
 k - a scroll of noise {unknown}
 l - a scroll of enchant armour {unknown}
Potions
 e - 2 potions of mutation
 f - a potion of degeneration
 i - a potion of brilliance


   Skills:
 + Level 0.5 Fighting
 + Level 0.5 Short Blades
 + Level 0.5 Long Blades
 + Level 4.5 Axes
 + Level 0.5 Maces & Flails
 + Level 0.5 Polearms
 + Level 0.5 Staves
 + Level 0.5 Ranged Weapons
 + Level 4.5 Throwing
 + Level 6.5 Armour
 + Level 0.5 Dodging
 + Level 2.3 Stealth
 + Level 0.5 Shields
 + Level 0.5 Unarmed Combat
 + Level 0.5 Spellcasting
 + Level 0.4 Conjurations
 + Level 0.4 Hexes
 + Level 0.4 Summonings
 + Level 0.4 Necromancy
 + Level 0.4 Translocations
 + Level 0.4 Transmutations
 + Level 0.4 Fire Magic
 + Level 0.4 Ice Magic
 + Level 0.4 Air Magic
 + Level 0.4 Earth Magic
 + Level 0.4 Poison Magic
 + Level 2.5 Invocations
 + Level 2.5 Evocations


You had 2 spell levels left.
You didn't know any spells.
Your spell library was empty.

Dungeon Overview and Level Annotations

Branches:
Dungeon (2/15)

Altars:

Annotations:
D:2 Sigmund


Innate Abilities, Weirdness & Mutations

You have very sharp teeth.
Your uncanny sense of smell can sniff out nearby items.
Your experience applies equally to all skills.
You are strong-willed. (Will+)
You occasionally shout uncontrollably at your foes.


Message History

You are too injured to fight recklessly!
You are too injured to fight recklessly!
You are too injured to fight recklessly!
You are too injured to fight recklessly!
You are too injured to fight recklessly!
You are too injured to fight recklessly!
You are too injured to fight recklessly!
You are too injured to fight recklessly!
You are too injured to fight recklessly!
You are too injured to fight recklessly!
It was a potion of degeneration.
There was something very wrong with that liquid.
You feel weakened.
You feel dopey.
You feel clumsy.
It was a potion of brilliance.
You feel clever all of a sudden.
Sigmund gestures wildly while chanting.
Sigmund flickers and vanishes!
Deactivating autopickup; reactivate with Ctrl-A.
It was a potion of cancellation.
Your magical effects are unravelling.
You feel magically purged.
You feel a little less clever now. Something hits you!
* * * LOW HITPOINT WARNING * * *
It was a potion of curing.
You feel better. Something hits you.
Okay, then.
Okay, then.
Really quaff the potion of mutation?
You feel extremely strange.
You feel the urge to shout.
You feel strong-willed.
You hit something.
You hear some strange, mumbled words.
A magic dart appears from out of thin air!
The magic dart hits you.
You miss something. You punch something. Something hits you!
* * * LOW HITPOINT WARNING * * *
Okay, then.
As you read the scroll labelled CUAJYF LESYJI, it crumbles to dust.
A profound silence engulfs you.
It was a scroll of silence.
Something hits you!
You die...

...$......#
..........#
.........#
........#
#......#
#......#####
#...........
#...@{.....#
#<..#....#.#
###$#.##.#
#...# #
......
.......
#.....$.
#....... ∆


There were no monsters in sight!

Vanquished Creatures
  2 endoplasms (D:1)
  A giant cockroach (D:1)
  4 goblins (D:1)
  4 hobgoblins (D:1)
  A kobold (D:1)
  3 ball pythons (D:1)
  A bat (D:1)
  A frilled lizard (D:1)
  4 rats (D:1)
21 creatures vanquished.

Notes
Turn   | Place    | Note
-------+----------+-------------------------------------------
     0 | D:1      | arthad the Gnoll Wanderer began the quest for the Orb.
     0 | D:1      | arthad set off with the following items: a +0 vorpal
                  | dagger, 3 curare-tipped darts, a +0 hand axe, a +0 scale
                  | mail, a potion of mutation.
     0 | D:1      | Reached XP level 1. HP: 13/13 MP: 2/2
   154 | D:1      | Reached XP level 2. HP: 19/19 MP: 3/3
   777 | D:2      | Noticed Sigmund
   792 | D:2      | Gained mutation: You occasionally shout uncontrollably at
                  | your foes. [potion of mutation]
   792 | D:2      | Gained mutation: You are strong-willed. (Will+) [potion of
                  | mutation]
   794 | D:2      | HP: 1/20 [something (7)]
   795 | D:2      | Mangled by Sigmund

Illustrated notes

Levels and vault maps discovered:
D:1:      minmay_arrival_radiant_lines, layout_basic, grunt_decor_junction,
          minmay_indecisive_spiral
D:2:      layout_basic, uniq_sigmund

Action                   || total
-------------------------++-------
Melee: Hand axe          ||    71
       Bite              ||     6
       Punch             ||     1
  Use: Potion            ||     5
       Scroll            ||     1
Armor: Scale mail        ||    34
Dodge: Dodged            ||    26

Table legend: (Time is in decaauts)
 A = Elapsed time spent in this place.
 B = Non-inter-level travel time spent in this place.
 C = Inter-level travel time spent in this place.
 D = Time resting spent in this place.
 E = Time spent auto-exploring this place.
 F = Levels seen in this place.
 G = Mean time per level.
                   A        B        C        D        E       F      G
               +--------+--------+--------+--------+--------+-----+--------+
         Total |    800 |    784 |     16 |      0 |    637 |   2 |  400.0 |
       Dungeon |    800 |    784 |     16 |      0 |    637 |   2 |  400.0 |
               +--------+--------+--------+--------+--------+-----+--------+

Top non-repeatable levels by time:
     D:1: 782 daAuts
     D:2: 18 daAuts
